 Dungeon Crawl Stone Soup version 0.17-a0-755-g4391640 (webtiles) character file.

191 oplop the Vexing (level 5, -2/24 HPs)
             Began as a Vine Stalker Enchanter on Apr 22, 2015.
             Slain by a river rat (4 damage)
             ... in a sewer.
             The game lasted 00:06:45 (2788 turns).

oplop the Vexing (Vine Stalker Enchanter)           Turns: 2788, Time: 00:06:45

Health: -2/24      AC:  7    Str: 15    XL:     5   Next: 70%
Magic:  0/11       EV: 12    Int: 15    God:
Gold:   126        SH:  0    Dex: 16    Spells: 3 memorised, 5 levels left

rFire  + . .     SeeInvis .     u - +0 rapier
rCold  . . .     Clarity  .     b - +2 robe
rNeg   . . .     SustAb   .     (no shield)
rPois  .         Gourm    .     l - +0 helmet
rElec  .         Spirit   +     (no cloak)
rCorr  .         Warding  .     (no gloves)
rMut   .         Stasis   .     h - +0 pair of boots
MR     .....                    (no amulet)
Stlth  +++.......               (no ring)
                                p - ring of protection from fire

@: mighty, very slightly contaminated, not resistant to hostile enchantments,
fairly stealthy
A: fangs 2, regeneration 1, shaggy fur 1, magic shield, antimagic bite, no
device heal 3, rot immunity
a: no special abilities


You were in a sewer.
You were hungry.

You visited 1 branch of the dungeon, and saw 4 of its levels.
You also visited: Sewer.

You collected 126 gold pieces.

Inventory:

Hand weapons
 a - a +1 dagger
 u - a +0 rapier (weapon)
Missiles
 n - 35 poisoned needles
 v - 4 needles of slowing
Armour
 b - a +2 robe (worn)
 h - a +0 pair of boots (worn)
 l - a +0 helmet (worn)
Jewellery
 p - a ring of protection from fire (left hand)
Scrolls
 e - a scroll of enchant armour
 g - 4 scrolls of remove curse
 t - 6 scrolls of identify {unknown}
Potions
 q - 2 potions of poison {unknown}
 r - a potion of heal wounds
 s - a potion of cancellation {unknown}
 w - 3 potions of curing {unknown}
 x - a potion of lignification {unknown}
 z - a potion of flight {unknown}
Books
 c - a book of Maledictions

   Spells                             Type                      Level
   a - Corona                         Hexes                        1
   b - Ensorcelled Hibernation        Hexes/Ice                    2
   c - Confuse                        Hexes                        3
   d - Tukima's Dance                 Hexes                        3
   e - Dazzling Spray                 Conjuration/Hexes            3
Comestibles
 d - 4 bread rations
 i - 3 meat rations
 o - 2 beef jerkies
 A - 7 chunks of flesh


   Skills:
 + Level 2.8 Short Blades
 - Level 1.5 Dodging
 - Level 3.6 Stealth
 + Level 3.7 Spellcasting
 + Level 4.3 Hexes


You had 5 spell levels left.
You knew the following spells:

 Your Spells              Type           Power        Failure   Level  Hunger
a - Corona                Hex            ###....      3%          1    None
b - Ensorcelled Hibernat  Hex/Ice        #.....       12%         2    ##.....
c - Confuse               Hex            ###.....     12%         3    ###....


Dungeon Overview and Level Annotations

Branches:
Dungeon (4/15)
 Temple: D:4-7

Altars:


Innate Abilities, Weirdness & Mutations

You have extremely sharp teeth.
Your natural rate of healing is unusually fast.
You are covered in fur (AC +1).
When hurt, damage is shared between your health and your magic reserves.
Your bite disrupts and absorbs the magic of your enemies.
Potions and wands cannot restore your health.
You are immune to rotting.


Message History

You bite the river rat, but do no damage.
The river rat is severely wounded.
The river rat bites you but does no damage.
The river rat bites you.
* * * LOW HITPOINT WARNING * * *
You aren't carrying any items that can be evoked.
Read which item? (? for menu, Esc to quit)
Okay, then.
Drink which item? (? for menu, Esc to quit)
It was a potion of restore abilities.
You feel refreshed.
The river rat bites you but does no damage.
Drink which item? (? for menu, Esc to quit)
It was a potion of might.
You feel very mighty all of a sudden. The river rat bites you.
* * * LOW HITPOINT WARNING * * *
Drink which item? (? for menu, Esc to quit)
It was a potion of heal wounds.
That seemed strangely inert.
The river rat barely misses you. The river rat bites you.
You die...

###### ####....####
###..........###
##..............##
##.......r........##
#.....rr.##........#
##.....@######......##
#......## ##r.....#
#.≈...≈# #.≈≈≈.≈#
#≈≈≈≈≈≈# #≈≈r≈≈≈#
#≈≈≈≈≈≈# #≈≈≈≈≈≈#
#≈≈≈≈≈≈# #≈≈≈≈≈≈#
#≈≈÷≈≈≈# #≈≈≈≈≈≈#
#≈≈≈≈≈≈# #≈≈≈≈≈≈#
#≈≈≈≈≈≈# #≈≈≈≈≈≈#


You could see 2 river rats and a rat.

Vanquished Creatures
  5 adders
  4 gnolls (D:3)
  A river rat (D:4)
  An ooze (D:2)
  5 worms
  2 giant geckos
  8 orcs (D:3)
  5 bats
  A bat skeleton (D:4)
  4 giant cockroaches
  12 goblins
  5 hobgoblins
  A quokka (D:3)
  3 giant newts
  8 kobolds
  14 rats
79 creatures vanquished.

Notes
Turn   | Place    | Note
--------------------------------------------------------------
     0 | D:1      | oplop, the Vine Stalker Enchanter, began the quest for the Orb.
     0 | D:1      | Reached XP level 1. HP: 9/9 MP: 4/4
    36 | D:1      | Reached skill level 1 in Short Blades
   345 | D:1      | Reached XP level 2. HP: 13/13 MP: 6/6
   944 | D:2      | Reached XP level 3. HP: 14/16 MP: 5/7
   992 | D:2      | Learned a level 2 spell: Ensorcelled Hibernation
  1695 | D:3      | Reached XP level 4. HP: 21/21 MP: 7/9
  2012 | D:3      | Reached XP level 5. HP: 20/24 MP: 5/11
  2104 | D:3      | Reached skill level 4 in Hexes
  2297 | D:3      | Learned a level 3 spell: Confuse
  2663 | D:4      | Found a glowing drain.
  2667 | Sewer    | Entered a sewer
  2787 | Sewer    | HP: 1/24 [river rat (4)]
  2788 | Sewer    | Slain by a river rat

Action                   |  1- 3 |  4- 6 || total
-------------------------+-------+-------++-------
Melee: Dagger            |   139 |       ||   139
       Rapier            |     8 |   151 ||   159
 Cast: Corona            |     5 |     4 ||     9
       Ensorcelled Hiber |     4 |    17 ||    21
  Use: Scroll            |       |     4 ||     4
       Potion            |       |     3 ||     3
 Stab: Sleeping          |    10 |    11 ||    21
       Distracted        |       |     2 ||     2
  Eat: Chunk             |     2 |     5 ||     7
